 Dungeon Crawl Stone Soup version 0.29-a0-370-gb5314be063 (webtiles) character file.

Game seed: 2094675844971866796

14 Lekart the Skirmisher (level 2, -1/26 HPs)
             Began as a Draconian Fighter on May 2, 2022.
             Slain by a goblin
             ... wielding a +0 dagger
              (3 damage)
             ... on level 1 of the Dungeon.
             The game lasted 00:00:34 (681 turns).

Lekart the Skirmisher (Draconian Fighter)            Turns: 681, Time: 00:00:35

Health: -1/26      AC:  4    Str: 18    XL:     2   Next: 31%
Magic:  2/2        EV: 12    Int:  8    God:
Gold:   0          SH:  4    Dex: 10    Spells: 1/1 levels left

rFire   . . .      SeeInvis .   a - +0 war axe
rCold   . . .      Faith    .   b - +0 buckler
rNeg    . . .      Spirit   .   (body armour unavailable)
rPois   .          Reflect  .   (helmet restricted)
rElec   .          Harm     .   (no cloak)
rCorr   .          Rampage  .   (no gloves)
Will    .....                   (no boots)
Stlth   +.........              (no amulet)
HPRegen 0.08/turn               (no ring)
MPRegen 0.08/turn               (no ring)

@: no status effects
A: AC +4, unfitting armour, cold-blooded
a: no special abilities


You were on level 1 of the Dungeon.
You visited 1 branch of the dungeon, and saw 1 of its levels.

Inventory:

Hand Weapons
 a - a +0 war axe (weapon)
Missiles
 i - a throwing net (quivered)
Armour
 b - a +0 buckler (worn)
Scrolls
 f - a scroll of teleportation {unknown}
 h - a scroll of brand weapon {unknown}
Potions
 c - 2 potions of might
 d - a potion of haste {unknown}
 e - a potion of attraction {unknown}
 g - a potion of degeneration {unknown}
 j - a potion of magic {unknown}


   Skills:
 + Level 3.5 Fighting
 + Level 2.1 Axes
 + Level 3.0 Dodging
 + Level 3.2 Shields


You had one spell level left.
You didn't know any spells.
Your spell library contained the following spells:

 Spells                   Type           Power      Damage    Failure   Level
 Summon Guardian Golem    Hex/Summ       0%         N/A       86%         3
 Orb of Destruction       Conj           0%         9d5       100%        7
 Spellforged Servitor     Conj/Summ      0%         N/A       100%        7


Dungeon Overview and Level Annotations

Branches:
Dungeon (1/15)

Altars:


Innate Abilities, Weirdness & Mutations

Your plain brown scales are hard. (AC +4)
You cannot fit into any form of body armour.
You are cold-blooded and may be slowed by cold attacks.


Message History

You are too injured to fight recklessly!
You are too injured to fight recklessly!
You are too injured to fight recklessly!
You are too injured to fight recklessly!
You are too injured to fight recklessly!
You closely miss the kobold.
The kobold is severely wounded.
You closely miss the goblin. The kobold barely misses you.
The goblin barely misses you.
You closely miss the kobold.
The kobold is severely wounded.
You closely miss the goblin. The kobold closely misses you.
The goblin completely misses you. The goblin hits you with a +0 dagger.
You block the kobold's attack.
You completely miss the kobold.
The kobold is severely wounded.
You closely miss the goblin. The kobold hits you but does no damage.
The goblin hits you with a +0 dagger.
* * * LOW HITPOINT WARNING * * *
You completely miss the kobold.
Your tail-slap misses the kobold.
The kobold is severely wounded.
You closely miss the goblin. The kobold barely misses you.
The goblin hits you but does no damage. The goblin barely misses you.
The kobold hits you but does no damage.
You closely miss the kobold.
The kobold is severely wounded.
You closely miss the goblin. The kobold hits you with a +0 whip.
* * * LOW HITPOINT WARNING * * *
You block the goblin's attack.
You slash the kobold!
You kill the kobold!
You closely miss the goblin. The goblin hits you with a +0 dagger.
* * * LOW HITPOINT WARNING * * *
Your Dodging skill increases to level 3!
The goblin closely misses you.
You see here a +0 whip.
A goblin is nearby!
You barely miss the goblin. The goblin hits you but does no damage.
The goblin hits you with a +0 dagger.
You die...

..... #..## ##.## ##..##
######.#######..#######
##......#.....##........
#......................#
................########
................#
.......g........#
.......@........#
................#
................#
#....?.........##
##.....##.....## ######
#######


You could see a goblin.

Vanquished Creatures
  A goblin (D:1)
  6 jackals (D:1)
  2 kobolds (D:1)
  A quokka (D:1)
  A bat (D:1)
  A rat (D:1)
12 creatures vanquished.

Notes
Turn   | Place    | Note
-------+----------+-------------------------------------------
     0 | D:1      | Lekart the Draconian Fighter began the quest for the Orb.
     0 | D:1      | Reached XP level 1. HP: 19/19 MP: 1/1
    67 | D:1      | Reached XP level 2. HP: 8/26 MP: 2/2
   305 | D:1      | Noticed a great orb of eyes
   306 | D:1      | Found a faded altar of an unknown god.
   309 | D:1      | Noticed a shining eye
   309 | D:1      | Noticed a great orb of eyes
   309 | D:1      | Noticed a great orb of eyes
   681 | D:1      | Slain by a goblin

Illustrated notes

Levels and vault maps discovered:
D:1:      evilmike_arrival_rings, layout_rooms,
          hellmonk_ecumenical_altar_watching_god

Skill      XL: |  1  2 |
---------------+-------+-----
Dodging        | 3 |  3.0
Fighting       | |  3.5
Axes           | |  2.1
Shields        | |  3.2

Action                   || total
-------------------------++-------
Melee: War axe           ||    39
       Tailslap          ||     2
Armor: Skin              ||    20
Dodge: Dodged            ||    34
Block: Buckler           ||    13

Table legend: (Time is in decaauts)
 A = Elapsed time spent in this place.
 B = Non-inter-level travel time spent in this place.
 C = Inter-level travel time spent in this place.
 D = Time resting spent in this place.
 E = Time spent auto-exploring this place.
 F = Levels seen in this place.
 G = Mean time per level.
                   A        B        C        D        E       F      G
               +--------+--------+--------+--------+--------+-----+--------+
         Total |    697 |    697 |      0 |      0 |    592 |   1 |  697.0 |
       Dungeon |    697 |    697 |      0 |      0 |    592 |   1 |  697.0 |
               +--------+--------+--------+--------+--------+-----+--------+

Top non-repeatable levels by time:
     D:1: 697 daAuts
